 Dungeon Crawl Stone Soup version 0.24.0-123-gd5b16e6ec5 (webtiles) character file.

Game seed: 8970927535470400758, levelgen mode: deterministic

1148 Mesmaeker13 the Digger (level 8, 0/46 HPs)
             Began as an Octopode Earth Elementalist on Jan 6, 2020.
             Slain by a bullfrog skeleton (5 damage)
             ... on level 5 of the Dungeon on Jan 8, 2020.
             The game lasted 00:10:56 (5071 turns).

Mesmaeker13 the Digger (OpEE)                       Turns: 5071, Time: 00:10:57

Health: 0/46       AC:  1    Str:  8    XL:     8   Next: 38%
Magic:  14/14      EV: 16    Int: 19    God:
Gold:   229        SH:  0    Dex: 12    Spells: 9/15 levels left

rFire    . . .     SeeInvis .   o - +2 flail (protect)
rCold    . . .     Gourm    .   (no shield)
rNeg     . . .     Faith    .   (helmet restricted)
rPois    .         Spirit   .   (no amulet)
rElec    .         Reflect  .   h - ring of wizardry
rCorr    .         Harm     .   (no ring)
MR       .....                  (no ring)
Stlth    +++.......             (no ring)
HPRegen  0.15/turn              (no ring)
MPRegen  0.14/turn              (no ring)
                                (no ring)
                                (no ring)

@: no status effects
A: almost no armour, stealthy swim, amphibious, 8 rings, constrict 8, camouflage
1, gelatinous body 1
a: no special abilities


You were on level 5 of the Dungeon.
You were hungry.

You visited 2 branches of the dungeon, and saw 6 of its levels.

You collected 229 gold pieces.

Inventory:

Hand Weapons
 o - a +2 flail of protection (weapon)
 v - a +0 morningstar
Missiles
 b - 38 stones
 f - 5 javelins (quivered)
 g - 61 poisoned darts
Jewellery
 h - a ring of wizardry (left tentacle)
Scrolls
 i - a scroll of blinking {unknown}
 l - a scroll of fog {unknown}
 p - a scroll of remove curse {unknown}
 q - a scroll of immolation {unknown}
 r - a scroll of amnesia {unknown}
 s - a scroll of identify {unknown}
Potions
 e - 2 potions of heal wounds {unknown}
 j - a potion of curing
 k - a potion of experience {unknown}
 t - a potion of mutation {unknown}
 u - a potion of might {unknown}
Comestibles
 c - 6 rations


   Skills:
 + Level 5.9 Dodging
 - Level 2.6 Stealth
 - Level 4.0 Spellcasting
 + Level 3.6 Conjurations
 - Level 1.0 Transmutations
 + Level 6.3 Earth Magic


You had 9 spell levels left.
You knew the following spells:

 Your Spells              Type           Power        Failure   Level  Hunger
a - Sandblast             Erth           ####..       1%          1    None
b - Stone Arrow           Conj/Erth      ###...       2%          3    ###....
c - Passwall              Tmut/Erth      ###.....     1%          2    ##.....

Your spell library contained the following spells:

 Spells                   Type           Power        Failure   Level  Hunger
 Petrify                  Tmut/Erth      ###.....     12%         4    ####...
 Lee's Rapid Deconstruct  Erth           ####......   12%         5    ######.


Dungeon Overview and Level Annotations

Branches:
Dungeon (5/15)             Temple (1/1) D:4

Altars:
Ashenzari
Dithmenos
Elyvilon
Fedhas
Gozag
Hepliaklqana
Kikubaaqudgha
Makhleb
Nemelex Xobeh
Okawaru
Qazlal
Ru
Trog
Uskayaw
Vehumet
Wu Jian
Xom
Yredelemnul
Zin
The Shining One

Shops:
D:4 (   D:5 *

Portals:
Ossuary: D:5

Annotations:
D:5 Prince Ribbit


Innate Abilities, Weirdness & Mutations

You cannot wear most types of armour.
You are very stealthy in the water. (Stealth+)
You are amphibious.
You can wear up to eight rings at the same time.
You can use your tentacles to constrict eight enemies at once.
Your skin changes colour to match your surroundings (Stealth+).
Your rubbery body absorbs attacks. (AC +1, EV +1)


Message History

The kobold throws a stone.
The stone completely misses you.
You see here a stone.
The orc closely misses you. The big kobold hits you with a +0 whip!
* * * LOW HITPOINT WARNING * * *
The orc hits you with a +0 mace.
* * * LOW HITPOINT WARNING * * *
The big kobold closely misses you. The bullfrog skeleton misses you.
The kobold throws a stone.
The stone closely misses you.
The stone hits the orc but does no damage.
The orc barely misses you. The big kobold closely misses you.
A human zombie comes into view.
The bullfrog skeleton misses you.
The worker ant zombie waves its antennae.
The human zombie misses you.
Found an opulent altar of Gozag.
The bullfrog skeleton hits you.
* * * LOW HITPOINT WARNING * * *
Found a fuming grey potion.
Found a sand-covered staircase.
The bullfrog skeleton hits you.
You die...

*,,,*,,,,,,,,,,,,,,,,,,,,
*,,**...!.,,......,,,,,,,
*,,,,,.#.###.......,,,,,,
***,,*#...#........,,,,**
***##...#........,,***,
##......_........* *,
#...............#**#.
#####........#**..#*....
#......@Z....###..##....
#.∩.....##Z........#....
#......#....##.......... ****
#.....##...Z#..###......
*,,**#.....#.....oK..........
**,,**........................
*,,,,,................#......(
*,,,,,...............##.......
**,,,,,*,##.........###.......


You could see a human zombie and a bullfrog skeleton.

Vanquished Creatures
  Edmund (D:4)
  2 sky beasts (D:4)
  An ice beast (D:5)
  An ogre (D:4)
  A centaur (D:5)
  2 crimson imps (D:2)
  A hound (D:5)
  2 orc wizards
  3 orc priests
  Crazy Yiuf (D:2)
  2 iguanas (D:4)
  3 worker ants (D:4)
  7 adders
  2 oozes
  An adder zombie (D:5)
  3 worms
  5 leopard geckos
  15 orcs
  7 bats
  5 giant cockroaches (D:1)
  12 goblins
  7 hobgoblins
  2 jackals (D:2)
  11 kobolds
  5 quokkas
  2 ball pythons (D:1)
  5 frilled lizards
  6 rats
115 creatures vanquished.

Vanquished Creatures (others)
  A quokka (D:4)
1 creature vanquished.

Grand Total: 116 creatures vanquished

Notes
Turn   | Place    | Note
-------+----------+-------------------------------------------
     0 | D:1      | Mesmaeker13 the Octopode Earth Elementalist began the quest
                  | for the Orb.
     0 | D:1      | Reached XP level 1. HP: 11/11 MP: 3/3
    69 | D:1      | Reached XP level 2. HP: 9/17 MP: 1/5
   333 | D:1      | Reached XP level 3. HP: 21/21 MP: 3/6
   861 | D:2      | Learned a level 3 spell: Stone Arrow
   864 | D:2      | Learned a level 2 spell: Passwall
   875 | D:2      | Reached XP level 4. HP: 25/27 MP: 2/8
  1183 | D:2      | Found a runed translucent door.
  1184 | D:2      | Noticed Crazy Yiuf
  1191 | D:2      | Killed Crazy Yiuf
  1191 | D:2      | Reached skill level 4 in Earth Magic
  1191 | D:2      | Reached XP level 5. HP: 16/31 MP: 4/9
  1482 | D:2      | Found a shimmering altar of Xom.
  1482 | D:2      | Found a hazy altar of Hepliaklqana.
  1483 | D:2      | Found a blossoming altar of Fedhas.
  2072 | D:3      | Reached XP level 6. HP: 36/36 MP: 6/11
  2824 | D:4      | Found a white marble altar of Elyvilon.
  3256 | D:4      | Found a staircase to the Ecumenical Temple.
  3286 | Temple   | Entered the Ecumenical Temple
  3458 | D:4      | Noticed a sky beast
  3463 | D:4      | Killed a sky beast
  3463 | D:4      | Reached skill level 1 in Conjurations
  3463 | D:4      | Reached skill level 5 in Earth Magic
  3463 | D:4      | Reached XP level 7. HP: 41/41 MP: 7/13
  3918 | D:4      | Noticed Edmund
  3942 | D:4      | Killed Edmund
  3942 | D:4      | Reached skill level 5 in Dodging
  4214 | D:4      | Found a burning altar of Makhleb.
  4311 | D:4      | Found a stormy altar of Qazlal.
  4547 | D:4      | Found Iniomum's Antique Weapon Shop.
  4578 | D:5      | Entered Level 5 of the Dungeon
  4683 | D:5      | Noticed Prince Ribbit
  4719 | D:5      | Reached XP level 8. HP: 45/46 MP: 8/14
  4833 | D:5      | Reached skill level 6 in Earth Magic
  5040 | D:5      | Found Zin's Purification Station.
  5043 | D:5      | Found a glowing silver altar of Zin.
  5065 | D:5      | Found an opulent altar of Gozag.
  5069 | D:5      | Found a sand-covered staircase.
  5071 | D:5      | Slain by a bullfrog skeleton

Levels and vault maps discovered:
D:1:      dpeg_arrival_pond, layout_rooms, st_stairs_2
D:2:      layout_loops_ring, gammafunk_temple_overflow_forgotten,
          uniq_crazy_yiuf_cottage
D:3:      layout_basic, chequers_serial_rivers_small_3
D:4:      layout_loops_ring, elyvilon_altar_4, bloody_makhleb,
          grunt_qazlal_sundering, minmay_temple_entry_proselytizer,
          serial_shops, kennysheep_little_box, first_ration, st_stairs_8,
          uniq_edmund
D:5:      layout_cave_pools, zin_purify, overflow_temple_1_default,
          enter_ossuary_3, basic_altar, hangedman_decor_push,
          kennysheep_opposing_triangles, uniq_prince_ribbit1
Temple:   minmay_temple_bridge_abc

Skill      XL: |  1  2  3  4  5  6  7  8 |
---------------+-------------------------+-----
Dodging        | 3 4 5 |  5.9
Spellcasting   | 3 4 |  4.0
Earth Magic    | 4 5 6 |  6.3
Conjurations   | 1 2 3 |  3.6
Stealth        | |  2.6
Transmutations | |  1.0

Action                   |  1- 3 |  4- 6 |  7- 9 || total
-------------------------+-------+-------+-------++-------
Melee: Unarmed           |    11 |       |       ||    11
       Constrict         |     8 |     8 |     3 ||    19
       Tentacles         |     5 |     5 |     3 ||    13
       Dagger            |    32 |    24 |     6 ||    62
       Quarterstaff      |       |    16 |       ||    16
       Flail             |       |       |    11 ||    11
Throw: Javelin           |       |       |     3 ||     3
 Cast: Sandblast         |    33 |    48 |    31 ||   112
       Stone Arrow       |       |    18 |    25 ||    43
Evoke: Wand              |       |     3 |     5 ||     8
  Use: Potion            |       |     2 |       ||     2
       Scroll            |       |     1 |     1 ||     2
 Stab: Sleeping          |     2 |     6 |       ||     8
  Eat: Chunk             |       |    10 |     6 ||    16
Armor: Skin              |     3 |     7 |     1 ||    11
Dodge: Dodged            |    27 |    47 |    49 ||   123
